 Dungeon Crawl Stone Soup version 0.30-a0-748-ge6a52f7cba (webtiles) character file.

Game seed: 11921556183793772379

408 NinjaNoafa the Caller (level 6, -6/25 HPs)
             Began as a Felid Summoner on Feb 8, 2023.
             Shot with an arrow by a centaur (9 damage)
             ... on level 6 of the Dungeon.
             The game lasted 00:22:51 (4062 turns).

NinjaNoafa the Caller (Felid Summoner)              Turns: 4062, Time: 00:22:52

Health: -6/25      AC:  2    Str:  4    XL:     6   Next: 57%
Magic:  5/16       EV: 18    Int: 19    God:
Gold:   276        SH:  0    Dex: 16    Spells: 8/17 levels left
                                        Lives:  0   Deaths: 2

rFire   . . .      SeeInvis +    (weapon unavailable)
rCold   . . .      Faith    .    (shield unavailable)
rNeg    . . .      Spirit   .    (body armour unavailable)
rPois   .          Reflect  .    (helmet unavailable)
rElec   .          Harm     .    (cloak unavailable)
rCorr   .          Rampage  .    (gloves unavailable)
Will    .....                    (boots unavailable)
Stlth   ++                       (no amulet)
HPRegen 0.24/turn                (no ring)
MPRegen 0.15/turn                (no ring)

@: quick
A: very small, claws 1, fangs 3, see invisible, speed 1, shaggy fur 2, stealthy
paws, no weapons or thrown items, no armour, multi-lived
a: no special abilities


You were on level 6 of the Dungeon.
You visited 1 branch of the dungeon, and saw 6 of its levels.

You collected 276 gold pieces.

Inventory:

Wands
 n - a wand of mindburst (5)
 p - a wand of charming (7)
Scrolls
 b - a scroll of fear {unknown}
 c - a scroll of immolation {unknown}
 e - a scroll of amnesia {unknown}
 f - 3 scrolls of blinking {unknown}
 g - a scroll of magic mapping {unknown}
 j - 2 scrolls of vulnerability
 l - a scroll of enchant weapon {unknown}
 m - 2 scrolls of teleportation
 o - a scroll of acquirement {unknown}
 t - a scroll of poison {unknown}
Potions
 a - a potion of magic
 d - 3 potions of curing
 h - a potion of might {unknown}
 i - a potion of brilliance {unknown}
 k - 2 potions of lignification
 q - a potion of berserk rage
 r - a potion of haste
 s - a potion of heal wounds {unknown}


   Skills:
 + Level 1.3 Fighting
 + Level 3.4 Dodging
 - Level 2.6 Stealth
 + Level 6.3 Spellcasting
 - Level 5.0 Hexes
 + Level 7.7 Summonings


You had 8 spell levels left.
You knew the following spells:

 Your Spells              Type           Power      Damage    Failure   Level
a - Summon Small Mammal   Summ           100%       N/A       1%          1
b - Call Imp              Summ           35%        N/A       1%          2
c - Call Canine Familiar  Summ           35%        N/A       1%          3
d - Summon Guardian Gole  Hex/Summ       30%        N/A       2%          3

Your spell library contained the following spells:

 Spells                   Type           Power      Damage    Failure   Level
 Magic Dart               Conj           20%        1d4       11%         1
 Searing Ray              Conj           10%        2d4       17%         2
 Summon Lightning Spire   Summ/Air       20%        N/A       22%         4
 Fulminant Prism          Conj/Hex       7%         3d7       36%         4


Dungeon Overview and Level Annotations

Branches:
Dungeon (6/15)
 Temple: D:4-7

Altars:

Shops:
D:6 [(


Innate Abilities, Weirdness & Mutations

You have sharp claws.
You have razor-sharp teeth.
You have supernaturally acute eyesight. (SInv)
You cover ground quickly. (Speed+)
You are covered in thick fur. (AC +2)
Your paws help you pounce on unaware monsters.
You are incapable of wielding weapons or throwing items.
You cannot wear armour.
You gain extra lives every three experience levels.


Message History

Casting: Call Canine Familiar (safe; 1% risk of failure)
Confirm with . or Enter, or press ? or * to list all spells.
A beastly little devil appears in a puff of flame.
Your hound misses the scorpion. The iguana bites your guardian golem!
The scorpion completely misses you.
The centaur shoots an arrow.
The arrow misses you. The iguana bites your guardian golem.
You swap places.
Your crimson imp hits the scorpion but does no damage.
The scorpion barely misses your crimson imp.
Casting: Call Imp (safe; 1% risk of failure)
Confirm with . or Enter, or press ? or * to list all spells.
A beastly little devil appears in a puff of frigid air.
Your crimson imp disappears in a puff of smoke!
The centaur shoots an arrow.
The arrow hits you!
The centaur shoots an arrow.
The arrow barely misses you.
Casting: Call Imp (safe; 1% risk of failure)
Confirm with . or Enter, or press ? or * to list all spells.
The centaur shoots an arrow.
The arrow hits your quokka!
Your quokka dies!
Your quokka's corpse disappears in a puff of smoke!
The scorpion misses you.
The iguana bites your guardian golem but does no damage.
Casting: Summon Small Mammal (safe; 1% risk of failure)
Confirm with . or Enter, or press ? or * to list all spells.
The centaur shoots an arrow.
The arrow hits you.
* * * LOW HITPOINT WARNING * * *
The scorpion misses you.
The centaur shoots an arrow.
The arrow barely misses you.
Your white imp hits the scorpion but does no damage.
The iguana bites your guardian golem but does no damage.
You swap places.
The scorpion misses you.
The centaur shoots an arrow.
The arrow hits you!
* * * LOW HITPOINT WARNING * * *
The iguana bites your guardian golem!
Your white imp hits the scorpion but does no damage.
Your rat barely misses the jelly.
The scorpion closely misses your white imp.
The centaur shoots an arrow.
The arrow hits you!
You die...

......#.#.##.....# ..
......# ....
#.†######.... #..
...##.## ##.# ....
###.##..####..###.#..
.#............#......
.............#.#c.# ##.
............#§§.#.##...
...........#..∩.r##....
............#@5J#......
.............#s#.......
.............h#9..##...
................l......
................?......
.....................#
.
#...........####.....#
...#.........## ......
#..##........# ......


You could see a centaur, a scorpion (distracted, ally target), an iguana (ally
target), a jelly, a friendly guardian golem (summoned), a friendly white imp
(summoned, sheltered) and a friendly rat (summoned).

Vanquished Creatures
  A bullfrog (D:6)
  A quokka (D:4)
2 creatures vanquished.

Vanquished Creatures (collateral kills)
  Grinder (D:3)
  A sky beast (D:6)
  An ogre (D:4)
  A centaur (D:6)
  2 scorpions
  A jelly (D:4)
  An orc priest (D:5)
  A hound (D:5)
  3 orc wizards (D:5)
  7 adders
  2 ufetubi
  2 worms
  A dart slug (D:4)
  5 orcs
  8 ball pythons
  5 endoplasms
  6 giant cockroaches
  3 goblins
  4 hobgoblins
  6 jackals (D:5)
  5 kobolds
  2 quokkas
  5 bats
  3 frilled lizards
  4 rats
80 creatures vanquished.

Vanquished Creatures (others)
  Menkaure (D:5)
  A black bear (D:3)
  An ice beast (D:5)
  3 iguanas
  Ijyb (D:3)
  2 worms
  An endoplasm (D:4)
  11 plants
21 creatures vanquished.

Grand Total: 103 creatures vanquished

Notes
Turn   | Place    | Note
-------+----------+-------------------------------------------
     0 | D:1      | NinjaNoafa the Felid Summoner began the quest for the Orb.
     0 | D:1      | Reached XP level 1. HP: 7/7 MP: 4/4
   155 | D:1      | Reached XP level 2. HP: 11/11 MP: 3/6
   192 | D:1      | Learned a level 2 spell: Call Imp
   664 | D:2      | Reached XP level 3. HP: 14/14 MP: 4/8
   670 | D:2      | Learned a level 3 spell: Call Canine Familiar
  1381 | D:3      | Noticed Grinder
  1412 | D:3      | Killed Grinder
  1413 | D:3      | Reached skill level 5 in Summonings
  1413 | D:3      | Reached XP level 4. HP: 11/18 MP: 2/11
  1413 | D:3      | Reached XP level 5. HP: 13/21 MP: 2/12
  1420 | D:3      | Learned a level 3 spell: Summon Guardian Golem
  1475 | D:3      | Noticed a black bear
  1489 | D:3      | Killed a black bear
  1490 | D:3      | Reached skill level 1 in Hexes
  1490 | D:3      | Reached skill level 6 in Summonings
  1490 | D:3      | Gained mutation: You are covered in thick fur. (AC +2)
                  | [Felid growth]
  1490 | D:3      | Reached XP level 6. HP: 24/24 MP: 5/13
  1496 | D:3      | Noticed Ijyb
  1534 | D:3      | Killed Ijyb
  2151 | D:4      | Reached XP level 7. HP: 25/27 MP: 2/15
  2467 | D:5      | Entered Level 5 of the Dungeon
  2474 | D:5      | Reached skill level 5 in Spellcasting
  2804 | D:5      | Noticed Menkaure
  2955 | D:5      | Reached skill level 5 in Hexes
  2999 | D:5      | Reached skill level 7 in Summonings
  3050 | D:5      | Killed Menkaure
  3051 | D:5      | Reached XP level 8. HP: 31/31 MP: 6/17
  3726 | D:6      | Found Boiwn's Antique Armour Shop.
  3828 | D:6      | Shot with an arrow by a centaur
  3829 | D:6      | Reached XP level 7. HP: -3/27 MP: 5/17
  3859 | D:6      | Found Ofror's Weapon Boutique.
  3946 | D:6      | Reached skill level 1 in Fighting
  4038 | D:6      | Shot with an arrow by a centaur
  4039 | D:6      | Reached XP level 6. HP: 0/25 MP: 10/16
  4062 | D:6      | Shot with an arrow by a centaur

Illustrated notes

Levels and vault maps discovered:
D:1:      eino_arrival_druids_welcome, layout_rooms
D:2:      layout_loops_corners, serial_bayou, serial_bayou_lagoon_a,
          serial_bayou_lagoon_b, serial_bayou_crossing, serial_bayou_pond_c,
          dilly_ecumenical_altar_fadedgnrine
D:3:      layout_basic, uniq_ijyb, uniq_grinder
D:4:      layout_cave_pools, minmay_manual_moon
D:5:      layout_rooms, uniq_menkaure
D:6:      layout_cave_pools, grunt_dithmenos_smoke, serial_shops,
          nicolae_stop_n_shop_2, nicolae_diamond_shop

Skill      XL: |  1  2  3  4  5  6  7  8 |
---------------+-------------------------+-----
Spellcasting   | 4 5 6 |  6.3
Summonings     | 5 6 7 |  7.7
Hexes          | 1 3 5 |  5.0
Fighting       | 1 |  1.3
Dodging        | 3 |  3.4
Stealth        | |  2.6

Action                     |  1- 3 |  4- 6 |  7- 9 || total
---------------------------+-------+-------+-------++-------
  Melee: Unarmed           |     6 |       |     3 ||     9
         Punch             |     1 |       |     1 ||     2
   Cast: Summon Small Mamm |    33 |     8 |    16 ||    57
         Call Imp          |    12 |     5 |    16 ||    33
         Call Canine Famil |    10 |     6 |    19 ||    35
         Summon Guardian G |       |     8 |    16 ||    24
    Use: Potion            |     1 |       |     2 ||     3
         Scroll            |       |       |     7 ||     7
 Armour: Skin              |     2 |       |     9 ||    11
  Dodge: Dodged            |    49 |    13 |    60 ||   122

Table legend: (Time is in decaauts)
 A = Elapsed time spent in this place.
 B = Non-inter-level travel time spent in this place.
 C = Inter-level travel time spent in this place.
 D = Time resting spent in this place.
 E = Time spent auto-exploring this place.
 F = Levels seen in this place.
 G = Mean time per level.
                   A        B        C        D        E       F      G
               +--------+--------+--------+--------+--------+-----+--------+
         Total |   3514 |   3069 |    445 |    136 |    248 |   6 |  585.7 |
       Dungeon |   3514 |   3069 |    445 |    136 |    248 |   6 |  585.7 |
               +--------+--------+--------+--------+--------+-----+--------+

Top non-repeatable levels by time:
     D:5: 845 daAuts
     D:4: 666 daAuts
     D:2: 622 daAuts
     D:3: 611 daAuts
     D:1: 471 daAuts
     D:6: 297 daAuts
